 Dungeon Crawl Stone Soup version 0.31-a0-331-geda263fcf1 (webtiles) character file.

Game seed: 11817054836772358700

1225 mopl the Insei (level 8, 0/54 HPs)
             Began as an Octopode Shapeshifter on July 19, 2023.
             Slain by a gnoll bouda
             ... wielding a +0 club
              (11 damage)
             ... on level 5 of the Dungeon.
             The game lasted 00:04:26 (4107 turns).

mopl the Insei (Octopode Shapeshifter)              Turns: 4107, Time: 00:04:28

Health: 0/54       AC:  1    Str: 14    XL:     8   Next: 47%
Magic:  8/8        EV: 14    Int: 11    God:
Gold:   342        SH:  0    Dex: 14    Spells: 7/7 levels left

rFire   . .          .
                       - Unarmed
rCold   . . .        (no shield)
rNeg    . . .        (helmet currently unavailable)
rPois   .            o - amulet of the acrobat
rElec   .            (no ring)
rCorr   .            (no ring)
SInv    .            (no ring)
Will    .....        (no ring)
Stlth   ++           (no ring)
HPRegen 0.29/turn    (no ring)
MPRegen 0.11/turn    (no ring)
                     (no ring)

%: acrobat
@: beast-form, weakened
A: beast (slay +3), almost no armour, amphibious, 8 rings, camouflage 1,
gelatinous body 1, (nimble swimmer 1), tentacles
a: Begin Untransformation


You were on level 5 of the Dungeon.
You were a hulking beast.
You visited 1 branch of the dungeon, and saw 6 of its levels.

You collected 342 gold pieces.

Inventory:

Hand Weapons
 b - the +9 sling of Conflict {flame, Str+2}
   (You found it on level 4 of the Dungeon)

   Str:       It affects your strength (+2).
Missiles
 j - 9 poisoned darts (quivered)
 w - a throwing net
Jewellery
 o - an amulet of the acrobat (around mantle)
Talismans
 q - a beast talisman
Wands
 u - a wand of charming (9)
 x - a wand of flame (2)
Scrolls
 e - a scroll of noise {unknown}
 f - a scroll of silence {unknown}
 g - 2 scrolls of fear {unknown}
 h - 2 scrolls of revelation {unknown}
 i - a scroll of fog {unknown}
 l - a scroll of poison {unknown}
 m - 5 scrolls of teleportation {unknown}
 p - a scroll of amnesia {unknown}
 r - a scroll of acquirement {unknown}
 s - a scroll of butterflies {unknown}
 t - a scroll of identify
 v - a scroll of enchant armour {unknown}
Potions
 a - 2 potions of lignification {!q}
 c - 2 potions of heal wounds
 d - 2 potions of brilliance
 k - a potion of ambrosia
 n - 2 potions of curing


   Skills:
 + Level 4.3 Fighting
 + Level 4.2 Dodging
 * Level 6.0 Unarmed Combat
 * Level 5.7 Shapeshifting


You had 7 spell levels left.
You didn't know any spells.
Your spell library contained the following spells:

 Spells                   Type           Power      Damage    Failure   Level
 Sandblast                Erth           0%         2d4       34%         1
 Passwall                 Tmut/Erth      0%         N/A       47%         2
 Gell's Gravitas          Tloc           0%         N/A       71%         3
 Stone Arrow              Conj/Erth      0%         3d7       71%         3
 Teleport Other           Tloc           0%         N/A       71%         3
 Dispersal                Tloc           0%         N/A       100%        6


Dungeon Overview and Level Annotations

Branches:
Dungeon (6/15)
 Temple: D:4-7

Altars:
Hepliaklqana
Makhleb
Okawaru
Wu Jian
Zin

Shops:
D:4 =


Innate Abilities, Weirdness & Mutations

You are a hulking beast.
Your limbs bulge with bestial killing power. (Slay +3)
You cannot wear most types of armour.
You are amphibious.
You can wear up to eight rings at the same time.
Your skin changes colour to match your surroundings (Stealth+).
Your rubbery body absorbs attacks. (AC +1, EV +1)
((You are camouflaged when in or above water. (Stealth+)))
You have tentacles for arms and can constrict up to eight enemies at once.


Message History

Pikel is heavily wounded.
You constrict Pikel, but do no damage.
Pikel hits you with a +2 whip of flaming.
Pikel burns you.
You barely miss Pikel. You squeeze Pikel.
Pikel is heavily wounded.
You constrict Pikel. Pikel closely misses you.
You tentacle-slap Pikel. You squeeze Pikel.
Pikel is almost dead.
You constrict Pikel.
The gnoll bouda barks out a call to the hunt!
Pikel hits you with a +2 whip of flaming!
* * * LOW HITPOINT WARNING * * *
Pikel burns you.
* * * LOW HITPOINT WARNING * * *
You hear a shout!
You bludgeon Pikel!
You kill Pikel!
With Pikel's spell broken, his former minions thank you for their freedom.
The lemure departs this earthly plane. x3
Your Fighting skill increases to level 4!
Your Dodging skill increases to level 4!
Your Unarmed Combat skill increases to level 6!
You have reached level 8!
Unknown command.
The gnoll is no longer moving quickly.
There is a stone staircase leading up here.
There is a stone staircase leading up here.
The gnoll bouda barks out a call to the hunt!
The gnoll picks up the pace!
You climb upwards.
There is a stone staircase leading down here.
You closely miss the gnoll bouda. You grab the gnoll bouda.
You squeeze the gnoll bouda.
The gnoll bouda is lightly wounded.
You constrict the gnoll bouda, but do no damage.
The gnoll bouda gazes fiercely through you!
You feel your attacks grow feeble.
The gnoll bouda hits you with a +0 club!
You die...

####### #.....# #.###.#
#.# #.# ##########.# #.#
.....#...#.###.###########
####.#.#.................#
####.#.#......##########.#
................h# #.####
...#..........##g# #....#
##.###.##.....##.####
####.#
#............##....# #.#
##.....#########.##.# #.#
...############.....# #.#
.................#### #.#
...#.....#####...# #.#
...#.....#
#...##########.#


You could see a gnoll bouda.

Vanquished Creatures
  Pikel (D:6)
  Edmund (D:5)
  A lemure (D:6)
  2 scorpions
  Crazy Yiuf (D:2)
  3 hounds
  3 jellies
  Natasha (thrice) (D:2)
  Terence (D:3)
  An iguana (D:5)
  2 orc wizards
  A sleepcap (D:4)
  Robin (D:3)
  2 gnolls (D:6)
  3 adders
  A white imp (D:6)
  A worm (D:4)
  3 dart slugs
  8 orcs
  4 ball pythons
  11 endoplasms
  13 goblins
  7 hobgoblins
  4 jackals
  6 kobolds
  5 quokkas
  2 bats
  3 frilled lizards
  A giant cockroach (D:2)
  5 rats
100 creatures vanquished.

Notes
Turn   | Place    | Note
-------+----------+-------------------------------------------
     0 | D:1      | mopl the Octopode Shapeshifter began the quest for the Orb.
     0 | D:1      | Reached XP level 1. HP: 14/14 MP: 1/1
   136 | D:1      | Reached XP level 2. HP: 11/19 MP: 2/2
   532 | D:1      | Found a faded altar of an unknown god.
   643 | D:2      | Reached XP level 3. HP: 24/24 MP: 3/3
   648 | D:2      | Noticed Natasha
   654 | D:2      | Killed Natasha
   709 | D:2      | Reached skill level 3 in Unarmed Combat
   709 | D:2      | Reached XP level 4. HP: 15/30 MP: 4/4
   951 | D:2      | Found a runed translucent door.
   952 | D:2      | Noticed Crazy Yiuf
  1006 | D:2      | Noticed Natasha
  1013 | D:2      | Killed Natasha
  1014 | D:2      | Reached XP level 5. HP: 28/35 MP: 5/5
  1084 | D:2      | Noticed Natasha
  1088 | D:2      | Killed Natasha
  1142 | D:2      | Killed Crazy Yiuf
  1244 | D:3      | Reached skill level 4 in Shapeshifting
  1468 | D:3      | Found a glowing silver altar of Zin.
  1515 | D:3      | Noticed Robin
  1521 | D:3      | Reached XP level 6. HP: 29/41 MP: 6/6
  1529 | D:3      | Reached skill level 3 in Fighting
  1533 | D:3      | Killed Robin
  1534 | D:3      | Reached skill level 3 in Dodging
  1648 | D:3      | Reached skill level 4 in Unarmed Combat
  1648 | D:3      | Found a burning altar of Makhleb.
  1700 | D:3      | Noticed Terence
  1719 | D:3      | Killed Terence
  2416 | D:4      | Found Fiosoterch's Jewellery Shoppe.
  2673 | D:4      | Identified the +9 sling of Conflict {flame, Str+2}
  2865 | D:4      | Found an iron altar of Okawaru.
  3009 | D:4      | Reached XP level 7. HP: 46/46 MP: 7/7
  3393 | D:5      | Entered Level 5 of the Dungeon
  3693 | D:5      | Noticed Edmund
  3696 | D:5      | Killed Edmund
  3697 | D:5      | Reached skill level 5 in Unarmed Combat
  3699 | D:5      | Found a hazy altar of Hepliaklqana.
  3701 | D:5      | Found a faded altar of an unknown god.
  3799 | D:5      | Reached skill level 5 in Shapeshifting
  3809 | D:5      | Identified the +4 sling of Accord {heavy, Int+2}
  3948 | D:6      | Found an ornate altar of the Wu Jian Council.
  4037 | D:6      | Noticed Pikel
  4087 | D:6      | Killed Pikel
  4088 | D:6      | Reached skill level 4 in Fighting
  4088 | D:6      | Reached skill level 4 in Dodging
  4088 | D:6      | Reached skill level 6 in Unarmed Combat
  4088 | D:6      | Reached XP level 8. HP: 6/54 MP: 8/8
  4107 | D:5      | Slain by a gnoll bouda

Illustrated notes

Levels and vault maps discovered:
D:1:      heliophobic_arrival_dark_side_of_the_moon, layout_basic,
          shapermc_ecumenical_altar_acropolis, minmay_octomino_e4
D:2:      layout_rooms, serial_rivers, chequers_serial_rivers_small_b,
          chequers_serial_rivers_micro_c, chequers_serial_rivers_marsh,
          chequers_serial_rivers_micro_d, chequers_serial_rivers_room_b,
          uniq_natasha, uniq_crazy_yiuf_cottage
D:3:      layout_basic, mainiacjoe_overflow_concentric_impassable,
          marbit_many_paths, uniq_robin, uniq_terence
D:4:      layout_basic, old_standard_altar, serial_shops, shop,
          chequers_decorated_corner
D:5:      layout_basic, beargit_hepliaklqana_dungeon_heroes
D:6:      minmay_octagon_keep, layout_basic, overflow_temple_1_default,
          nzn_wu_jian_contemplation, temple_green, uniq_pikel, uniq_edmund

Skill      XL: |  1  2  3  4  5  6  7 |
---------------+----------------------+-----
Unarmed Combat | 3 4 6 |  6.0
Shapeshifting  | 4 5 |  5.7
Fighting       | 3 4 |  4.3
Dodging        | 3 4 |  4.2

Action                     |  1- 3 |  4- 6 |  7- 9 || total
---------------------------+-------+-------+-------++-------
  Melee: Unarmed           |    52 |   104 |    10 ||   166
         Constrict         |    13 |    31 |     3 ||    47
         Tentacles         |     4 |    24 |     3 ||    31
         Punch             |     3 |     4 |       ||     7
   Fire: Sling             |       |     7 |    34 ||    41
    Use: Scroll            |       |     4 |       ||     4
   Stab: Sleeping          |     6 |     8 |       ||    14
 Armour: Skin              |     3 |     2 |       ||     5
  Dodge: Dodged            |    21 |    73 |    12 ||   106

Table legend: (Time is in decaauts)
 A = Elapsed time spent in this place.
 B = Non-inter-level travel time spent in this place.
 C = Inter-level travel time spent in this place.
 D = Time resting spent in this place.
 E = Time spent auto-exploring this place.
 F = Levels seen in this place.
 G = Mean time per level.
                   A        B        C        D        E       F      G
               +--------+--------+--------+--------+--------+-----+--------+
         Total |   4113 |   3841 |    272 |    487 |   2689 |   6 |  685.5 |
       Dungeon |   4113 |   3841 |    272 |    487 |   2689 |   6 |  685.5 |
               +--------+--------+--------+--------+--------+-----+--------+

Top non-repeatable levels by time:
     D:3: 1174 daAuts
     D:4: 987 daAuts
     D:1: 638 daAuts
     D:2: 588 daAuts
     D:5: 515 daAuts
     D:6: 208 daAuts
